[Event "*** Titled Tuesday Blitz"]
[Site "Chess.com"]
[Date "2020.04.21"]
[Round "2"]
[White "ReyesBraulio"]
[Black "GusKan67"]
[Result "0-1"]
[WhiteElo "2128"]
[BlackElo "2410"]
[TimeControl "180+1"]
[EndTime "10:17:03 PDT"]
[Termination "GusKan67 won by resignation"]

1. d4 Nf6 2. f4 g6 3. Nf3 Bg7 4. c3 O-O 5. e3 d6 6. Be2 Nbd7 7. O-O c6 8. Nbd2 a6 9. Qb3 b5 10. e4 e5 11. dxe5 dxe5 12. fxe5 Ng4 13. e6 Nb6 14. exf7+ Kh8 15. h3 Ne3 16. Re1 Qe7 17.
Bxb5 Nxg2 18. Bxc6 Nxe1 19. Qxb6 Nxf3+ 20. Nxf3 Ra7 21. Bg5 Qxf7 22. Rf1 Bxh3 23. Bd5 Qc7 24. Qxc7 Rxc7 25. Rf2 h6 26. Be3 g5 27. Nd4 Rxf2 28.
Kxf2 Be5 29. Nf3 Bg7 30. e5 g4 31. Ng1 Bxe5 32. Bxh6 g3+ 33. Ke3 Bf5 34. Bf4 Re7 35. Bxe5+ Rxe5+ 36. Kd4 Re1 37. Nf3 g2 38. c4 Rf1 0-1

[Event "*** Titled Tuesday Blitz"]
[Site "Chess.com"]
[Date "2020.04.21"]
[Round "2"]
[White "EugeneRougon"]
[Black "JoakimVonAnd"]
[Result "1-0"]
[WhiteElo "2711"]
[BlackElo "2494"]
[TimeControl "180+1"]
[EndTime "10:17:04 PDT"]
[Termination "EugeneRougon won by resignation"]

1. e4 c6 2. d4 d5 3. Nc3 dxe4 4.
Nxe4 Bf5 5. Ng3 Bg6 6. h4 h6 7. Nf3 Nf6 8. Ne5 Bh7 9. Bd3 Nbd7 10. Bxh7 Nxe5 11. dxe5 Qa5+ 12. Kf1 Nxh7 13. Qe2 e6 14. Bf4 Be7 15. Nh5 Rg8 16. Rd1 Nf8 17. Rh3 Ng6 18.
Rb3 Qc7 19. g3 Rd8 20. Rbd3 Rxd3 21. Qxd3 Nxf4 22. Nxf4 g5 23. Qh7 gxf4 24. Qxg8+ Bf8 25. gxf4 Qb6 26. Qg3 Qb5+ 27. Qd3 Qxd3+ 28. Rxd3 h5 29. Rg3 Be7 30. Rg8+ Kd7 31. Rh8 Bxh4 32. Rxh5 Bd8 33. Ke2 Bb6 34. f3 Ke7 35. c3 Bg1 36. Kd3 Bc5 37. Ke4 b6 38. f5 exf5+ 39. Kxf5 Ke8 40. Rh8+ Ke7 41. Rc8 b5 42. Rxc6 1-0

[Event "*** Titled Tuesday Blitz"]
[Site "Chess.com"]
[Date "2020.04.21"]
[Round "2"]
[White "DanielDardha2005"]
[Black "aaronmaster123"]
[Result "1-0"]
[WhiteElo "2561"]
[BlackElo "2294"]
[TimeControl "180+1"]
[EndTime "10:17:06 PDT"]
[Termination "DanielDardha2005 won by resignation"]

1. Nf3 Nf6 2. g3 b6 3. Bg2 Bb7 4. c4 g6 5. Nc3 Bg7 6. O-O O-O 7. d4 Ne4 8. Bd2 c5 9. d5 Nxd2 10. Qxd2 e6 11. e4 e5 12. h4 d6 13. h5 Na6 14.
Bh3 Nc7 15. a4 Bc8 16. Bxc8 Qxc8 17. Kg2 f5 18. hxg6 hxg6 19. Ng5 f4 20. Qe2 Bh6 21. Nf3 Kg7 22. Rh1 a6 23. Rh4 b5 24. axb5 axb5 25.
Rxa8 Qxa8 26. cxb5 Qb8 27. g4 g5 28. Rh5 Kg6 29.
Nd2 Bg7 30. Kf3 Rh8 31. Rxh8 Qxh8 32. Kg2 Bf6 33. Nc4 Ne8 34. b6 Bd8 35. Nb5 Qf6 36.
b7 Bc7 37. Nxc7 Qd8 38. Nxe8 Qxe8 39. Nxd6 Qb8 40. Qa6 1-0

[Event "*** Titled Tuesday Blitz"]
[Site "Chess.com"]
[Date "2020.04.21"]
[Round "2"]
[White "MasterKroket"]
[Black "quesfr"]
[Result "1-0"]
[WhiteElo "2433"]
[BlackElo "2188"]
[TimeControl "180+1"]
[EndTime "10:17:06 PDT"]
[Termination "MasterKroket won by resignation"]

1. d4 d5 2. c4 e6 3. Nc3 Nf6 4.
Nf3 Be7 5. Bf4 O-O 6. e3 b6 7. cxd5 Nxd5 8. Nxd5 Qxd5 9. a3 c5 10. Be2 Ba6 11. O-O Bxe2 12. Qxe2 cxd4 13. Nxd4 Nc6 14.
Nxc6 Qxc6 15. Rac1 Qe4 16. Rc4 Qf5 17. Rfc1 Bf6 18.
Bd6 Rfd8 19. e4 Qb5 20. e5 Bg5 21. R1c2 g6 22. h4 Bh6 23. Rc7 Qxe2 24. Rxe2 Rdc8 25. Rec2 Rxc7 26. Rxc7 Bf8 27. g3 Rd8 28. Bxf8 Kxf8 29. Rxa7 Rd5 30. Rb7 Rb5 31. b4 Kg7 32. f4 h6 33. Kf2 g5 34. hxg5 hxg5 35. Ke3 gxf4+ 36. gxf4 Kg6 37. Ke4 f6 38. exf6 Kxf6 39. Kd4 Kf5 40. Kc4 Rd5 41. Rxb6 Rd1 42. a4 Rf1 43. a5 Rxf4+ 44.
Kb5 e5 45. a6 e4 46. a7 1-0

[Event "*** Titled Tuesday Blitz"]
[Site "Chess.com"]
[Date "2020.04.21"]
[Round "2"]
[White "Orange_Ghost"]
[Black "Gennady_Kozlov"]
[Result "0-1"]
[WhiteElo "2772"]
[BlackElo "2558"]
[TimeControl "180+1"]
[EndTime "10:17:07 PDT"]
[Termination "Gennady_Kozlov won by resignation"]

1. d4 e6 2. c4 b6 3. e4 Bb7 4.
Bd3 f5 5. Nd2 Bb4 6. Qe2 Nf6 7. e5 Bxg2 8. exf6 Qxf6 9. a3 Bxd2+ 10. Bxd2 Bxh1 11. f3 Nc6 12. d5 Nd4 13. Qf2 exd5 14.
Bc3 c5 15. cxd5 Qe5+ 16. Ne2 Nxf3+ 17. Kd1 Qxd5 18. Nf4 Qd6 19. Qe3+ Kd8 20. Kc2 Re8 21. Qc1 g5 22. Qxh1 Qxf4 23. Rf1 g4 24. h3 c4 25. Bxc4 Qxc4 26. hxg4 fxg4 27. Rd1 Rc8 28. Kb1 Re2 29.
Ka1 Qb3 30. Bf6+ Kc7 31. Bc3 Kb8 32. Bf6 Qxd1+ 33. Qxd1 Re1 34. Ka2 Rxd1 0-1

[Event "*** Titled Tuesday Blitz"]
[Site "Chess.com"]
[Date "2020.04.21"]
[Round "2"]
[White "allvim"]
[Black "lucliasco"]
[Result "0-1"]
[WhiteElo "2297"]
[BlackElo "2638"]
[TimeControl "180+1"]
[EndTime "10:17:07 PDT"]
[Termination "lucliasco won by resignation"]

1. e4 c5 2. Nf3 Nc6 3. d4 cxd4 4. Nxd4 Qb6 5. Nb3 Nf6 6. Nc3 e6 7. Bd3 Bb4 8. O-O O-O 9. Be3 Qd8 10. Bg5 Bxc3 11. bxc3 h6 12. Bh4 e5 13. f4 exf4 14. Rxf4 g5 15. Rf5 d6 16. Qf3 Nh7 17. Bg3 Bxf5 18.
Qxf5 Ne5 19. Nd4 Qc8 20. Qf2 Qxc3 21. Rf1 Qc5 22. h4 Ng4 23. Qf5 Qxd4+ 24. Kh1 Ne5 25. hxg5 Nxg5 26. Bf4 Ng6 27. Bxg5 hxg5 28. Qxg5 Qh8+ 29.
Kg1 Qh4 30. Qf5 Rae8 31. Rf3 Re5 32. Qd7 Qe1+ 33. Kh2 Rh5+ 34. Rh3 Rxh3+ 35. Qxh3 Kg7 0-1

[Event "*** Titled Tuesday Blitz"]
[Site "Chess.com"]
[Date "2020.04.21"]
[Round "2"]
[White "talaicito"]
[Black "ENEASZ"]
[Result "0-1"]
[WhiteElo "2279"]
[BlackElo "2533"]
[TimeControl "180+1"]
[EndTime "10:17:07 PDT"]
[Termination "ENEASZ won on time"]

1. d4 d5 2. Nc3 Bf5 3. Bf4 a6 4. f3 Nf6 5. g4 Bg6 6. h4 h5 7.
g5 Ng8 8. e3 e6 9. Bd3 Ne7 10.
Nge2 Nd7 11. Bxg6 Nxg6 12. Qd3 c5 13. e4 Nb6 14. dxc5 Bxc5 15. exd5 exd5 16. O-O-O O-O 17. Kb1 Re8 18. Bg3 Re3 19. Qd2 Nc4 20. Qxd5 Qxd5 21. Rxd5 Bb6 22. b3 Na3+ 23. Kb2 Nb5 24. Bf2 Nxc3 25. Nxc3 Rxc3 26. Bxb6 Rxf3 27. Rhd1 Nxh4 28. Rd7 Ng6 29. Rxb7 h4 30. Bc7 h3 31. Rd2 Re8 32. c4 Kh7 33. c5 Re7 34. c6 Re6 35. Rc2 Ne7 36. Rb6 Nd5 37. Rb7 Ne7 38. Rb6 Rf5 0-1

[Event "*** Titled Tuesday Blitz"]
[Site "Chess.com"]
[Date "2020.04.21"]
[Round "2"]
[White "energie73"]
[Black "Piotrek1979"]
[Result "1-0"]
[WhiteElo "2239"]
[BlackElo "2436"]
[TimeControl "180+1"]
[EndTime "10:17:07 PDT"]
[Termination "energie73 won by resignation"]

1. d4 Nf6 2. Bf4 d5 3. e3 c5 4.
c3 Nc6 5. Nd2 cxd4 6. exd4 Bg4 7. Qb3 Qc8 8. Ngf3 e6 9. Ne5 Bf5 10.
Bb5 Nd7 11. Ndf3 f6 12. Nxd7 Qxd7 13. O-O Bd6 14. Bxd6 Qxd6 15. Rfe1 O-O 16. Re3 Rae8 17. Rae1 Bg6 18. Bxc6 bxc6 19. Qb4 Qd7 20. Qa3 Bf7 21.
h4 a5 22. Nd2 Ra8 23. Nb3 Rfe8 24. Nc5 Qc8 25. Qa4 Ra7 26. f4 h5 27. b4 Qa8 28. b5 cxb5 29. Qxb5 Rae7 30. f5 e5 31. dxe5 fxe5 32. f6 gxf6 33. Qb6 Re6 34. Rg3+ Kh7 35. Nxe6 Rxe6 36. Qc7 Qe8 37. Rb1 Kh6 38. Rb7 Qa4 39. Qxf7 Qd1+ 40. Kh2 1-0

[Event "*** Titled Tuesday Blitz"]
[Site "Chess.com"]
[Date "2020.04.21"]
[Round "2"]
[White "dennisodessa"]
[Black "jerry_77"]
[Result "1-0"]
[WhiteElo "2289"]
[BlackElo "2489"]
[TimeControl "180+1"]
[EndTime "10:17:08 PDT"]
[Termination "dennisodessa won by resignation"]

1. d4 Nf6 2. c4 e6 3. Nc3 d5 4.
cxd5 exd5 5. Bg5 c6 6. Qc2 Be7 7.
e3 O-O 8. Bd3 h6 9. Bf4 Re8 10.
h3 Nbd7 11. Nf3 Bb4 12. O-O Bxc3 13. bxc3 Ne4 14. c4 Ndf6 15. Ne5 Nd6 16. Rab1 dxc4 17. Nxc4 Nxc4 18. Bxc4 b6 19. Rfc1 Bb7 20. Qg6 Nd5 21. Qg3 Nxf4 22. Qxf4 Re7 23. Be2 Re6 24. Bf3 Rf6 25.
Qe4 Rb8 26. Qh4 g5 27. Qg3 Qd6 28. Qxd6 Rxd6 29. Rc2 Rc8 30. a4 Kf8 31. a5 b5 32.
Rbc1 Ke7 33. d5 c5 34. Rxc5 Rxc5 35. Rxc5 a6 36. Rc7+ Rd7 37. d6+ Kxd6 38. Rxd7+ Kxd7 39. Bxb7 b4 40. Bxa6 1-0

[Event "*** Titled Tuesday Blitz"]
[Site "Chess.com"]
[Date "2020.04.21"]
[Round "2"]
[White "KikaLaurincova"]
[Black "Nastya_Rakhmangulova"]
[Result "0-1"]
[WhiteElo "1981"]
[BlackElo "2377"]
[TimeControl "180+1"]
[EndTime "10:17:08 PDT"]
[Termination "Nastya_Rakhmangulova won by resignation"]

1. e4 d5 2. exd5 Qxd5 3. Nc3 Qd6 4. d4 Nf6 5. Bc4 Bg4 6. Nf3 Nc6 7. Be3 O-O-O 8. O-O e6 9. Nb5 Qd7 10. c3 Nd5 11.
Bxd5 Qxd5 12. a4 Bxf3 13. Qxf3 Qxf3 14. gxf3 a6 15. Na3 e5 16. dxe5 Bxa3 17. Rxa3 Nxe5 18. Kg2 Nc4 19. Rb3 Rd6 20. Rb4 Ne5 21. Bf4 Rg6+ 22.
Bg3 h5 23. h4 Nd3 24. Rc4 c6 25. b4 Nb2 26. Rf4 f6 27. b5 Re8 28. bxc6 bxc6 29. Rb4 Nd3 30. Rb8+ Kd7 31. Rd1 Rxb8 32. Rxd3+ Kc8 0-1

[Event "*** Titled Tuesday Blitz"]
[Site "Chess.com"]
[Date "2020.04.21"]
[Round "2"]
[White "velemajstor767276"]
[Black "Jabberwockiez"]
[Result "1-0"]
[WhiteElo "2539"]
[BlackElo "2282"]
[TimeControl "180+1"]
[EndTime "10:17:09 PDT"]
[Termination "velemajstor767276 won by checkmate"]

1. c4 c5 2. Nf3 Nc6 3. g3 g6 4.
Bg2 Bg7 5. O-O e6 6. Nc3 Nge7 7. d4 cxd4 8. Nb5 O-O 9. Nbxd4 Qb6 10. Nb5 d5 11. Be3 Qa5 12. Bd2 Qb6 13. b3 Bxa1 14.
Qxa1 dxc4 15. Bh6 Nf5 16. Bxf8 Qxb5 17. bxc4 Qxc4 18. Ba3 Qxe2 19. Qf6 e5 20. Ng5 Be6 21. Nxe6 fxe6 22. Qxe6+ Kg7 23. Qd7+ Kh8 24. Qxb7 Rf8 25. Bxf8 Ncd4 26. Qf7 Nf3+ 27. Bxf3 Qxf3 28. Bg7+ Nxg7 29. Qxf3 h5 30. Qf8+ Kh7 31. Rd1 Kh6 32. Rd7 e4 33. Qxg7+ Kg5 34. h4+ Kg4 35. Qxg6+ Kh3 36. Qf5# 1-0

[Event "*** Titled Tuesday Blitz"]
[Site "Chess.com"]
[Date "2020.04.21"]
[Round "2"]
[White "SameerMujumdar"]
[Black "JozefKneht"]
[Result "0-1"]
[WhiteElo "2205"]
[BlackElo "2437"]
[TimeControl "180+1"]
[EndTime "10:17:09 PDT"]
[Termination "JozefKneht won by resignation"]

1. e4 e5 2. Nf3 Nc6 3. d4 exd4 4. Bc4 Bc5 5. O-O Nf6 6. c3 Nxe4 7. cxd4 d5 8. Bb5 Bb6 9. Ne5 O-O 10. Nxc6 bxc6 11. Bxc6 Rb8 12. Nc3 Ba6 13. Re1 Nxf2 14. Qa4 Bc4 15.
Kxf2 Bxd4+ 16. Be3 Rxb2+ 17. Kg1 Bxc3 18. Bc5 Rb8 19.
Rec1 Qf6 20. Bxf8 Rxf8 21. Rab1 Bd4+ 22. Kh1 Be5 23. Qa3 Qxc6 24. Re1 Qd6 25. Qxa7 Bxh2 26. Rb8 g6 27. Rxf8+ Kxf8 28. Qd4 f6 29. Qh4 Bg3 30.
Qh6+ Kg8 31. Re8+ Kf7 32. Rh8 Qf4 33. Qxh7+ Ke6 34. Re8+ Kf5 35. Qh3+ Kg5 0-1

[Event "*** Titled Tuesday Blitz"]
[Site "Chess.com"]
[Date "2020.04.21"]
[Round "2"]
[White "Maybe00"]
[Black "GodDMuhammad"]
[Result "1-0"]
[WhiteElo "2630"]
[BlackElo "2188"]
[TimeControl "180+1"]
[EndTime "10:17:10 PDT"]
[Termination "Maybe00 won by resignation"]

1. d4 Nf6 2. c4 g6 3. f3 Bg7 4. e4 O-O 5. Nc3 d6 6. Nge2 Nbd7 7.
Be3 e5 8. d5 a6 9. g4 Qe7 10. Ng3 Ne8 11. Qd2 c6 12. h4 Nc5 13.
b4 Nd7 14. a3 c5 15. h5 b6 16. Bg5 f6 17. Be3 Bb7 18. hxg6 hxg6 19. Bd3 Kf7 20. Ke2 Nc7 21. Rab1 cxb4 22. axb4 Rh8 23. c5 dxc5 24. bxc5 Nxc5 25. Rxb6 Nxd3 26. Qxd3 Rxh1 27. Nxh1 Nb5 28.
d6 Qd7 29. Nf2 Rc8 30. Nfd1 Rc6 31. Nxb5 axb5 32. Rxc6 Bxc6 33. Bc5 Bf8 34. Ne3 Qe6 35. Qd2 Bh6 36. Kf2 Bf4 37. Qa5 Bd7 38. Nd5 Bc6 39. Qc7+ Qd7 40. Nb6 Qxc7 41. dxc7 Bb7 42.
c8=Q Bxc8 43. Nxc8 Ke6 44. Na7 f5 45. Nxb5 fxg4 46. fxg4 Kf6 47. Kf3 Kg5 48. Be7+ Kh6 49. Nd6 Kg7 50. g5 Kg8 51. Bf6 Kf8 52. Nc4 1-0

[Event "*** Titled Tuesday Blitz"]
[Site "Chess.com"]
[Date "2020.04.21"]
[Round "2"]
[White "GracefulYear"]
[Black "ferch1ni"]
[Result "0-1"]
[WhiteElo "2564"]
[BlackElo "2311"]
[TimeControl "180+1"]
[EndTime "10:17:10 PDT"]
[Termination "ferch1ni won by checkmate"]

1. d4 Nf6 2. c4 g6 3. Nf3 Bg7 4. g3 O-O 5. Bg2 d5 6. O-O c6 7. cxd5 cxd5 8. Ne5 Nc6 9. Nxc6 bxc6 10. Nc3 Rb8 11.
b3 Ba6 12. Ba3 Re8 13. Na4 e5 14. dxe5 Rxe5 15. Rc1 Bxe2 16. Qd4 Nd7 17. Rfe1 Bb5 18. Rxe5 Bxe5 19. Qd1 Qf6 20. Nc5 Nxc5 21. Bxc5 a5 22. Be3 a4 23. bxa4 Bc4 24. Rb1 Ra8 25.
Bf1 Bxf1 26. Kxf1 Qf5 27. Rc1 Qe4 28. Kg1 Rxa4 29. Rxc6 Rxa2 30. Bh6 Ra8 31. Qc1 Qf5 32. Qd1 d4 33. Qc1 d3 34. Rc5 Qe6 35. Rc6 Qd5 36.
Rc5 Qe6 37. Be3 Ra1 38. Rc8+ Kg7 39. Bh6+ Kf6 40. Bg5+ Kf5 41. Kg2 Qd5+ 42. f3 Rxc1 43. g4+ Kxg5 44. Rxc1 d2 45. Rd1 Bf4 46. Rh1 Qd3 47.
h4+ Kf6 48. Rd1 Qe2+ 49. Kh3 Qh2# 0-1

[Event "*** Titled Tuesday Blitz"]
[Site "Chess.com"]
[Date "2020.04.21"]
[Round "2"]
[White "artooon"]
[Black "WelshTiger"]
[Result "0-1"]
[WhiteElo "2640"]
[BlackElo "2377"]
[TimeControl "180+1"]
[EndTime "10:17:11 PDT"]
[Termination "WelshTiger won by resignation"]

1. e4 c5 2. Nf3 Nc6 3. d4 cxd4 4. Nxd4 Nf6 5. Nc3 d6 6. Bg5 Bd7 7. f4 Qb6 8. Nb3 Ng4 9. Qf3 Qe3+ 10. Be2 Qxf3 11. Bxf3 Ne3 12. Rc1 Nb4 13. a3 Na6 14.
Nd2 Rc8 15. Nd5 Nxc2+ 16. Kf2 Nd4 17. Rxc8+ Bxc8 18. Rc1 Bd7 19. f5 Nxf3 20. Nxf3 Nc5 21. Ke3 Bc6 22. b4 Nxe4 23. Nc7+ Kd7 24. b5 Nxg5 25.
bxc6+ bxc6 26. Nxg5 Kxc7 27. Nxf7 Rg8 28. g4 g6 29. Kf4 gxf5 30. gxf5 Bg7 31. h4 h6 32. Ke4 Rf8 33. f6 Rxf7 34. fxg7 Rxg7 35. Kf5 h5 36.
Kf4 Rg4+ 0-1

[Event "*** Titled Tuesday Blitz"]
[Site "Chess.com"]
[Date "2020.04.21"]
[Round "2"]
[White "chess4life23"]
[Black "LikeWater"]
[Result "0-1"]
[WhiteElo "2407"]
[BlackElo "2663"]
[TimeControl "180+1"]
[EndTime "10:17:12 PDT"]
[Termination "LikeWater won by resignation"]

1. d4 Nf6 2. c4 e5 3. dxe5 Ne4 4. Nf3 Nc6 5. Nbd2 Bb4 6. a3 Nxd2 7. Nxd2 Bc5 8. Nb3 Be7 9. Bf4 g5 10. Bg3 h5 11. h3 f6 12. Qc2 Kf7 13. e3 Nxe5 14. Bxe5 fxe5 15. Qf5+ Bf6 16. Bd3 d6 17. Qg6+ Ke7 18.
O-O-O Be6 19. Qe4 c6 20. f4 b5 21. fxe5 Bxe5 22. Nd4 Bxd4 23. Qxd4 Rg8 24. cxb5 cxb5 25. Rhf1 Rc8+ 26. Kb1 Rc5 27. Qf6+ Kd7 28. Bg6 Qxf6 29. Rxf6 Rxg6 0-1

[Event "*** Titled Tuesday Blitz"]
[Site "Chess.com"]
[Date "2020.04.21"]
[Round "2"]
[White "ahachess"]
[Black "amelia91"]
[Result "1-0"]
[WhiteElo "2370"]
[BlackElo "1943"]
[TimeControl "180+1"]
[EndTime "10:17:12 PDT"]
[Termination "ahachess won by resignation"]

1. d4 Nf6 2. c4 e6 3. Nc3 Bb4 4.
Qc2 O-O 5. g3 Bxc3+ 6. Qxc3 Ne4 7.
Qc2 f5 8. Bg2 d5 9. Nf3 Nd7 10.
O-O c6 11. b3 Ndf6 12. Ba3 Re8 13. Ne5 Nd7 14. Nd3 Nf8 15. Rad1 Bd7 16. Ne5 Ng6 17. Nxg6 hxg6 18. f3 Nf6 19. e4 Kf7 20. e5 Ng8 21. h4 Ne7 22. Bc1 Rh8 23. Bg5 Qb6 24. Rf2 Rac8 25.
c5 Qc7 26. g4 b6 27. b4 a5 28.
a3 axb4 29. axb4 Ra8 30. Re1 Bc8 31. h5 gxh5 32. Bxe7 Qxe7 33. gxf5 exf5 34. e6+ Kf6 35. Rfe2 g6 36. f4 bxc5 37. dxc5 Ba6 38. Qc3+ 1-0

[Event "*** Titled Tuesday Blitz"]
[Site "Chess.com"]
[Date "2020.04.21"]
[Round "2"]
[White "GelmanAlexander"]
[Black "Baby_Legs"]
[Result "0-1"]
[WhiteElo "2478"]
[BlackElo "2692"]
[TimeControl "180+1"]
[EndTime "10:17:13 PDT"]
[Termination "Baby_Legs won by resignation"]

1. c4 e6 2. Nf3 d5 3. d3 Nf6 4. Nbd2 c5 5. b3 Nc6 6. a3 Bd6 7. Rg1 d4 8. g4 e5 9. g5 Nh5 10.
Ne4 Bf5 11. Nh4 Bxe4 12. dxe4 g6 13. e3 Ng7 14. Nf3 Qb6 15. exd4 exd4 16. Bd3 O-O 17. Rb1 Rae8 18. Kf1 f5 19. gxf6 Rxf6 20. Rg2 Ref8 21. Ng5 Qc7 22. Kg1 Qd7 23. b4 h6 24.
bxc5 Bxc5 25. e5 Nxe5 26. Ne4 Nf3+ 27. Kh1 Qc6 28. Bxh6 Re6 29. Bxg7 Kxg7 30. Qc2 b6 31. Ng3 Rfe8 32. Nf5+ Kf8 33. Qc1 Re1+ 34. Qxe1 Rxe1+ 35. Rxe1 Nxe1 0-1

[Event "*** Titled Tuesday Blitz"]
[Site "Chess.com"]
[Date "2020.04.21"]
[Round "2"]
[White "BursaBBSatranc"]
[Black "rpragchess"]
[Result "0-1"]
[WhiteElo "2514"]
[BlackElo "2752"]
[TimeControl "180+1"]
[EndTime "10:17:14 PDT"]
[Termination "rpragchess won by resignation"]

1. d4 Nf6 2. Bf4 b6 3. e3 Bb7 4. Nf3 g6 5. h3 Bg7 6. Be2 O-O 7.
O-O d6 8. c3 c5 9. a4 a6 10. Nbd2 Nbd7 11. Bh2 Rc8 12. Bd3 e5 13. dxe5 dxe5 14. Bc4 Qe7 15. Qb3 e4 16. Ne1 Rfd8 17. Be2 Bd5 18. Bc4 Bb7 19. Be2 h5 20. Nc4 Qe6 21. Qc2 Ne8 22. Rd1 Bd5 23. b3 b5 24.
axb5 axb5 25. Na5 c4 26. b4 Ne5 27. Qa2 Nd3 28. Nc2 Bxc3 29. Nd4 Bxd4 30. exd4 c3 31. Qa3 c2 32. Rxd3 exd3 33. Bxd3 Be4 34. Re1 Bxd3 0-1

[Event "*** Titled Tuesday Blitz"]
[Site "Chess.com"]
[Date "2020.04.21"]
[Round "2"]
[White "Andrei_Belozerov"]
[Black "Perecke"]
[Result "1-0"]
[WhiteElo "2628"]
[BlackElo "2159"]
[TimeControl "180+1"]
[EndTime "10:17:14 PDT"]
[Termination "Andrei_Belozerov won on time"]

1. e4 e5 2. Nf3 Nc6 3. Bb5 a6 4. Ba4 Nf6 5. O-O Be7 6. Re1 b5 7. Bb3 d6 8. c3 O-O 9. h3 Na5 10. Bc2 c5 11. d4 Qc7 12. Nbd2 cxd4 13. cxd4 Nc6 14. Nb3 a5 15. Be3 Bd7 16. Rc1 a4 17. Nbd2 Qb7 18. Bb1 Rfc8 19. Nf1 Bd8 20. Ng3 Bb6 21.
Re2 Rc7 22. dxe5 Bxe3 23. Rxe3 dxe5 24. Rec3 Rac8 25. Qd6 Ne8 26. Qd2 b4 27. Rc5 Nd4 28. Rxc7 Nxf3+ 29. gxf3 Rxc7 30. Rxc7 Qxc7 31. Kh2 Qd6 32.
Qe3 Nc7 33. Bd3 Be6 34. Qa7 f6 35.
Be2 Bxa2 36. Qxa4 Qd4 37. Qxa2+ 1-0

[Event "*** Titled Tuesday Blitz"]
[Site "Chess.com"]
[Date "2020.04.21"]
[Round "2"]
[White "PowerThinking2650"]
[Black "karinachess1"]
[Result "1-0"]
[WhiteElo "2277"]
[BlackElo "2463"]
[TimeControl "180+1"]
[EndTime "10:17:14 PDT"]
[Termination "PowerThinking2650 won by resignation"]

1. e4 c5 2. Nf3 e6 3. d4 cxd4 4. Nxd4 a6 5. Nc3 b5 6. Bd3 Qb6 7.
Nf3 Qc7 8. O-O Bb7 9. Re1 Bc5 10. e5 f5 11. Nh4 Ne7 12. Bf4 g6 13. Qd2 Nbc6 14. a3 O-O-O 15. b4 Bb6 16. Bxb5 Nd4 17.
Bf1 h6 18. Na4 g5 19. Nxb6+ Qxb6 20. Be3 Nec6 21. Ng6 Rhg8 22. Ne7+ Nxe7 23. Bxd4 Qc6 24. c4 f4 25. b5 Qc7 26. a4 Nf5 27. c5 a5 28. Rec1 Kb8 29. Rab1 h5 30. Bc3 Qxc5 31.
Bxa5 Qxe5 32. Bc7+ Qxc7 33. Rxc7 Kxc7 34. b6+ Kb8 35.
Qa5 Ne7 36. Qa7+ Kc8 37. Ba6 1-0

[Event "*** Titled Tuesday Blitz"]
[Site "Chess.com"]
[Date "2020.04.21"]
[Round "2"]
[White "ChesterF"]
[Black "obliviate12"]
[Result "0-1"]
[WhiteElo "2526"]
[BlackElo "2770"]
[TimeControl "180+1"]
[EndTime "10:17:15 PDT"]
[Termination "obliviate12 won on time"]

1. e4 c5 2. Nf3 d6 3. d4 cxd4 4. Nxd4 Nf6 5. Nc3 a6 6. Be3 e5 7.
Nb3 Be6 8. f3 h5 9. Qd2 Nbd7 10.
Be2 Be7 11. O-O b5 12. a4 b4 13. Nd5 Bxd5 14. exd5 Nb6 15. Bg5 Nbxd5 16. a5 O-O 17. Rfd1 Qc7 18. Rac1 Rfd8 19. c4 bxc3 20. bxc3 Rab8 21. c4 Qa7+ 22. Kh1 Nb4 23. Be3 Qc7 24. Bb6 Rxb6 25. axb6 Qxb6 26. Rb1 Rb8 27. Nc1 a5 28. Nd3 h4 29. Nxb4 axb4 30. Bd3 Nd7 0-1

[Event "*** Titled Tuesday Blitz"]
[Site "Chess.com"]
[Date "2020.04.21"]
[Round "2"]
[White "SloLev"]
[Black "GMKrikor"]
[Result "1-0"]
[WhiteElo "2528"]
[BlackElo "2727"]
[TimeControl "180+1"]
[EndTime "10:17:15 PDT"]
[Termination "SloLev won by resignation"]

1. e4 c5 2. c3 d5 3. exd5 Qxd5 4. d4 g6 5. Nf3 Bg7 6. Be3 cxd4 7. cxd4 Nf6 8. Nc3 Qd6 9. Be2 O-O 10. O-O Be6 11. Rc1 Nc6 12. Nb5 Qd7 13. Ne5 Nxe5 14. dxe5 Qxd1 15. Rfxd1 Nd5 16. Bd4 a6 17. Nc7 Rac8 18.
Nxe6 fxe6 19. Bc4 Rc6 20. Bb3 Rfc8 21. Rxc6 Rxc6 22. g3 Kf7 23. f4 Nc7 24. Ba4 Rc4 25. Bb3 Rc6 26. Kf2 g5 27. Be3 gxf4 28. gxf4 Bh6 29. Kf3 Nd5 30. Rxd5 exd5 31. Bxd5+ e6 32. Bxc6 bxc6 33. f5 Bxe3 34. Kxe3 exf5 35. Kf4 Ke6 36. b4 h6 37. h3 a5 38. bxa5 1-0

[Event "*** Titled Tuesday Blitz"]
[Site "Chess.com"]
[Date "2020.04.21"]
[Round "2"]
[White "DanielTitichoca"]
[Black "gurelediz"]
[Result "0-1"]
[WhiteElo "2313"]
[BlackElo "2612"]
[TimeControl "180+1"]
[EndTime "10:17:15 PDT"]
[Termination "gurelediz won by checkmate"]

1. e4 c5 2. Nf3 d6 3. d4 cxd4 4.
Nxd4 Nf6 5. Nc3 a6 6. Bg5 Nbd7 7. f4 Qc7 8. Qe2 b5 9. O-O-O e6 10.
Nd5 exd5 11. exd5+ Be7 12. Nc6 Nb8 13. Bxf6 gxf6 14.
Qh5 Nxc6 15. dxc6 Qxc6 16. Re1 Qc5 17. Qf3 Ra7 18. Bd3 Be6 19. Re2 f5 20. Qh5 Kd7 21.
Rhe1 Rc7 22. g4 Bf6 23. gxf5 Bc4 24. Kb1 Bxd3 25. cxd3 Qd5 26. Qh6 Qxd3+ 27. Ka1 Qxe2 28. Rb1 Qxb2+ 29. Rxb2 Rc1# 0-1

[Event "*** Titled Tuesday Blitz"]
[Site "Chess.com"]
[Date "2020.04.21"]
[Round "2"]
[White "Boundless_Strike"]
[Black "Ceejay271"]
[Result "1-0"]
[WhiteElo "2604"]
[BlackElo "2305"]
[TimeControl "180+1"]
[EndTime "10:17:15 PDT"]
[Termination "Boundless_Strike won by resignation"]

1. d4 Nf6 2. Nf3 d5 3. e3 e6 4.
Bd3 Be7 5. O-O O-O 6. b3 b6 7. Bb2 Ba6 8. Nbd2 Bxd3 9. cxd3 Nbd7 10. Qe2 c5 11. e4 Rc8 12. Rac1 Re8 13. Rfd1 cxd4 14.
Bxd4 Ba3 15. Rxc8 Qxc8 16. Nb1 dxe4 17. dxe4 Bc5 18. h3 Qb7 19. Nc3 Bb4 20. e5 Bxc3 21. Bxc3 Nd5 22. Bb2 Rc8 23. Rc1 Rxc1+ 24. Bxc1 Qc7 25.
Bg5 h6 26. Bh4 Qc1+ 27. Kh2 Nc5 28. Bg3 Qb1 29. Qd2 Ne4 30. Qe2 Ndc3 31. Qc4 Qxa2 32. Qc8+ Kh7 33. Qe8 Qxb3 34. Qxf7 a5 35. Nd4 Ng5 36.
Qc7 Qb4 37. Nc6 Qc5 38. Qd7 Qd5 39. Qc8 a4 40. Ne7 1-0

[Event "*** Titled Tuesday Blitz"]
[Site "Chess.com"]
[Date "2020.04.21"]
[Round "2"]
[White "Infernal_XaM"]
[Black "dukicz123"]
[Result "1-0"]
[WhiteElo "2945"]
[BlackElo "2603"]
[TimeControl "180+1"]
[EndTime "10:17:16 PDT"]
[Termination "Infernal_XaM won by resignation"]

1. Nf3 Nf6 2. g3 g6 3. Bg2 Bg7 4. O-O O-O 5. c4 d6 6. d4 Nc6 7. Nc3 a6 8. e4 Bg4 9. Be3 Nd7 10.
h3 Bxf3 11. Bxf3 e5 12. dxe5 Ncxe5 13. Be2 f5 14. f4 Nc6 15. exf5 Rxf5 16. Bd3 Rf8 17.
Qd2 Nf6 18. Rae1 Qd7 19. Kh2 Rae8 20. b3 Kh8 21. Nd5 Nxd5 22. cxd5 Ne7 23. Be4 Nf5 24. Bf2 Qb5 25. Qd3 Qxd3 26. Bxd3 Kg8 27. Rxe8 Rxe8 28. Rc1 Re7 29. g4 Nd4 30. Kg2 Ne2 31.
Bxe2 Rxe2 32. Kf3 Re7 33. a4 Kf7 34. Bh4 Rd7 35. Ke4 Bf6 36. Bf2 Re7+ 37. Kf3 Ke8 38. h4 Kd7 39. h5 Bb2 40. Rh1 Bg7 41. hxg6 hxg6 42. Rh7 c6 43. Bh4 Rf7 44. Bf6 Rxf6 45. Rxg7+ Kc8 46. g5 Rf5 47. dxc6 bxc6 48. Rxg6 Rd5 49.
Ke4 Kd7 50. Rg7+ Ke6 51. f5+ 1-0

[Event "*** Titled Tuesday Blitz"]
[Site "Chess.com"]
[Date "2020.04.21"]
[Round "2"]
[White "BakaPG"]
[Black "Fighter008"]
[Result "1-0"]
[WhiteElo "2704"]
[BlackElo "2488"]
[TimeControl "180+1"]
[EndTime "10:17:16 PDT"]
[Termination "BakaPG won by resignation"]

1. e4 c5 2. Nf3 d6 3. c3 Nf6 4. Bd3 Nbd7 5. Bc2 b6 6. O-O Bb7 7.
Re1 Qc7 8. d4 e5 9. d5 g6 10. c4 Bg7 11. Nc3 a6 12. Rb1 O-O 13. a3 Nh5 14. Bd3 Nf4 15. Bf1 Rae8 16. b4 h6 17. g3 Nh5 18. Nh4 Nhf6 19. Be3 Kh7 20. h3 Ng8 21. Qb3 Ba8 22. Qa4 Bb7 23. Rb2 f5 24. exf5 gxf5 25. bxc5 Nxc5 26. Qc2 e4 27.
Reb1 Bc8 28. Rxb6 Be5 29. Ng2 Qg7 30. Na4 Nxa4 31. Qxa4 f4 32. gxf4 Bxf4 33. Bxf4 Bxh3 34. Rb7 Re7 35. Rxe7 Nxe7 36. Bg3 Nf5 37. Qc2 Nxg3 38.
fxg3 Qd4+ 39. Kh2 Rf2 40. Qd1 Rd2 41. Qh5 Bxg2 42. Qf7+ Qg7 43. Qxg7+ Kxg7 44. Bxg2 Kf6 45. Re1 1-0